 Dungeon Crawl Stone Soup version 0.31-a0-180-g519b7de00c (webtiles) character file.

Game seed: 11143329857939186759

84784 oufanbear the Severer (level 15, -3/144 HPs)
             Began as a Minotaur Berserker on June 19, 2023.
             Was a High Priest of Trog.
             Killed from afar by Nikola (65 damage)
             ... with an arc of chain lightning
             ... on level 1 of the Snake Pit.
             The game lasted 01:01:45 (23738 turns).

oufanbear the Severer (Minotaur Berserker)         Turns: 23738, Time: 01:01:45

Health: -3/144     AC: 23    Str: 28    XL:     15   Next: 36%
Magic:  24/24      EV: 13    Int: 15    God:    Trog [*****.]
Gold:   466        SH:  5    Dex: 11    Spells: 14/14 levels left

rFire   . . .        Z - +1 battleaxe (vamp)
rCold   . . .        (shield currently unavailable)
rNeg    . . .        N - +0 plate armour {rPois}
rPois   +            M - +3 hat of Pondering {ponderous, Will+ MP+10 Int+5}
rElec   .            s - +0 cloak
rCorr   .            K - +0 pair of gloves
SInv    .            (no boots)
Will    ++...        y - amulet of reflection Stlth
                     c - +6 ring of intelligence
HPRegen 0.44/turn    F - ring of flight
MPRegen 0.19/turn

%: reflection
@: on berserk cooldown, flying, slowed, very slow
A: horns 2, retaliatory headbutt
a: Renounce Religion, Berserk, Trog's Hand, Brothers in Arms


You were on level 1 of the Snake Pit.
You worshipped Trog.
Trog was extremely pleased with you.
You visited 3 branches of the dungeon, and saw 17 of its levels.
You also visited: Bailey and Volcano.

You collected 1064 gold pieces.
You spent 598 gold pieces at shops.

Inventory:

Hand Weapons
 m - a +2 spectral battleaxe
 H - a +2 antimagic executioner's axe
 Z - a +1 vampiric battleaxe (weapon)
Missiles
 U - 4 throwing nets
Armour
 s - a +0 cloak (worn)
 z - a +1 buckler of fire resistance
 K - a +0 pair of gloves (worn)
 M - the +3 hat of Pondering (worn) {ponderous, Will+ MP+10 Int+5}
   (You took it off Gastronok on level 9 of the Dungeon)

   Int:       It affects your intelligence (+5).
   MP:        It affects your magic capacity (+10).
   Will:      It increases your willpower.
 N - a +0 plate armour of poison resistance (worn)
Jewellery
 c - a +6 ring of intelligence (left hand)
 u - a ring of positive energy
 y - an amulet of reflection (around neck)
 D - the amulet "Huokusut" {Spirit rF+ rC+}
   (You found it on level 5 of the Lair of Beasts)

   [amulet of guardian spirit]

   It causes incoming damage to be divided between your reserves of health and
   magic.
   rF:        It protects you from fire.
   rC:        It protects you from cold.
 F - a ring of flight (right hand)
 Q - a ring of willpower
Wands
 x - a wand of roots (52)
 A - a wand of flame (24)
 J - a wand of quicksilver (11)
 P - a wand of mindburst (17)
 W - a wand of charming (8)
Scrolls
 a - a scroll of revelation {unknown}
 b - 11 scrolls of teleportation
 e - 5 scrolls of noise
 i - a scroll of brand weapon
 k - a scroll of blinking {unknown}
 n - a scroll of enchant armour {unknown}
 p - 2 scrolls of enchant weapon {unknown}
 q - 5 scrolls of fog
 B - 4 scrolls of fear
 C - 2 scrolls of poison {unknown}
 R - a scroll of silence {unknown}
 T - 2 scrolls of immolation {unknown}
 X - 2 scrolls of amnesia {unknown}
 Y - a scroll of identify
Potions
 d - 3 potions of ambrosia
 f - 9 potions of curing
 g - 2 potions of magic {unknown}
 h - 3 potions of resistance
 j - 3 potions of attraction {unknown}
 l - 6 potions of haste
 o - 8 potions of mutation
 r - 4 potions of lignification
 t - 4 potions of heal wounds
 v - 2 potions of cancellation {unknown}
 w - 4 potions of enlightenment
 E - 3 potions of might {unknown}
 G - 2 potions of berserk rage {unknown}
 O - 2 potions of invisibility {unknown}
 V - a potion of degeneration {unknown}
Miscellaneous
 I - a phial of floods
 L - a phantom mirror
 S - a lightning rod (4/4)


   Skills:
 + Level 16.2 Fighting
 + Level 16.3 Axes
 + Level 16.0 Armour
 + Level 14.8 Dodging


You had 14 spell levels left.
You didn't know any spells.
Your spell library was empty.

Dungeon Overview and Level Annotations

Branches:
Dungeon (11/15)            Temple (0/1) D:4            Lair (5/5) D:9
  Swamp (0/4) Lair:2        Snake (1/4) Lair:2        Slime (0/5) Lair:4
    Orc (0/2) D:11         Bailey (visited)         Volcano (visited)

Altars:
Cheibriados
Elyvilon
Kikubaaqudgha
Nemelex Xobeh
Wu Jian
The Shining One
Jiyva

Shops:
D:3 ::(*   D:7 *   D:9 [

Annotations:
Lair:1 2 transporters, archydragon's ghost, journeyman MiFi
Snake:1 Nikola


Innate Abilities, Weirdness & Mutations

You have a pair of horns on your head.
You reflexively headbutt those who attack you in melee.


Message History

You are exhausted.
You feel yourself slow down. Nikola closely misses you.
You hit Nikola but do no damage. Your headbutt misses Nikola.
Nikola is severely wounded.
Nikola hits you with a +4 rapier of electrocution.
Nikola gestures wildly while chanting.
Nikola blinks!
Nikola gestures wildly while chanting.
Nikola blinks!
Nikola gestures wildly while chanting.
Lightning arcs from Nikola's hands!
The bolt of lightning hits you!!
A bolt of lightning appears from out of thin air!
The bolt of lightning hits Nikola.
Nikola gestures wildly while chanting.
Nikola blinks!
You hear a shout!
Nikola casts a spell.
Nikola blinks!
Nikola casts a spell.
Nikola blinks!
Nikola casts a spell.
Lightning arcs from Nikola's hands!
The bolt of lightning hits you!
You hear a shout!
You hear an angry hiss.
You hear a shout!
Nikola casts a spell at you. The bolt of lightning misses you.
Nikola gestures wildly while chanting.
Nikola blinks!
You barely miss Nikola.
Nikola is severely wounded.
Nikola mumbles some strange words.
Nikola blinks!
Nikola gestures wildly while chanting.
Lightning arcs from Nikola's hands!
The bolt of lightning hits you!!
* * * LOW HITPOINT WARNING * * *
You hear a shout!
You feel much better.
You are too injured to fight recklessly!
Nikola gestures wildly while chanting.
Lightning arcs from Nikola's hands!
The bolt of lightning hits you!!!
You die...

#.ยง.##.## ##.##
#..# #..# #.##
##..# ##..# ..
###...###..##
....###....#.#..##
.......#.@.##..##
.#.##...####.#
..###..@#....###
..................
################..
#. .# #


You could see Nikola.

Vanquished Creatures
  Gastronok (D:9)
  A fire giant (D:11)
  An orc warlord (Bailey)
  Snorg (D:11)
  A great orb of eyes (D:9)
  5 hydras
  An anaconda (Snake:1)
  A catoblepas (Lair:5)
  A centaur warrior (D:9)
  A two-headed ogre (D:11)
  A merfolk avatar (Lair:5)
  A boulder beetle (Lair:3)
  A naga warrior (Snake:1)
  Nergalle (D:11)
  Sonja (Lair:1)
  5 skysharks
  A shadow wraith (D:9)
  A sea snake (Lair:5)
  2 skeletal warriors (Volcano)
  2 anaconda skeletons (Volcano)
  A naga ritualist (Snake:1)
  A necromancer (D:9)
  A manticore (Lair:5)
  2 deep elf zephyrmancers (D:9)
  A mana viper (Snake:1)
  A cyclops (D:9)
  24 elephants
  Joseph (D:9)
  7 cane toads
  7 black mambas
  A naga mage (Snake:1)
  3 gargoyles (Volcano)
  5 unseen horrors
  2 rime drakes (Lair:5)
  2 kobold demonologists (D:11)
  6 komodo dragons
  An unseen horror zombie (D:9)
  A tengu conjurer (D:9)
  Grinder (D:4)
  A troll (D:10)
  2 polar bears (Lair:5)
  3 hornets
  A harpy skeleton (Volcano)
  A blink frog (Lair:5)
  16 dream sheep
  Prince Ribbit (D:6)
  3 flying skulls (Volcano)
  A vampire (D:9)
  3 wyverns
  52 yaks
  2 basilisks
  Eustachio (D:6)
  6 steam dragons
  An acid dragon (D:11)
  9 nagas
  6 water moccasins
  The ghost of oufanbear the Sneak, an amateur SpBr of Sif Muna (D:5)
  An ice beast (D:6)
  4 sky beasts
  A hornet zombie (D:9)
  4 black bears
  6 orc warriors
  5 centaurs
  5 wolves (Lair:3)
  4 kobold brigands
  A phantom (D:4)
  9 bullfrogs
  3 gnoll sergeants
  A necrophage (D:9)
  2 scorpions
  11 wights
  A troll skeleton (Volcano)
  23 killer bees
  An electric eel (Lair:2)
  9 howler monkeys
  3 centaur zombies (D:9)
  A human zombie (D:9)
  4 orc priests
  2 jellies
  2 hounds (D:5)
  7 iguanas
  A sleepcap (D:7)
  7 orc wizards
  8 hell rats
  A naga skeleton (Volcano)
  A howler monkey zombie (D:9)
  A mummy (D:9)
  25 gnolls
  10 adders
  A shadow imp (D:6)
  A white imp (D:7)
  An ufetubus (D:4)
  A worm (D:3)
  4 dart slugs
  31 orcs
  A bat (D:3)
  14 endoplasms
  5 giant cockroaches
  34 goblins
  34 hobgoblins
  32 kobolds
  3 quokkas
  8 ball pythons
  6 frilled lizards
  5 rats
553 creatures vanquished.

Vanquished Creatures (others)
  2 spectral weapons (D:11)
2 creatures vanquished.

Grand Total: 555 creatures vanquished

Notes
Turn   | Place    | Note
-------+----------+-------------------------------------------
     0 | D:1      | oufanbear the Minotaur Berserker began the quest for the
                  | Orb.
     0 | D:1      | Reached XP level 1. HP: 19/19 MP: 0/0
   246 | D:1      | Reached XP level 2. HP: 27/27 MP: 1/1
   663 | D:1      | Reached XP level 3. HP: 33/33 MP: 2/2
  1134 | D:2      | Found a white marble altar of Elyvilon.
  1359 | D:2      | Reached ** piety under Trog
  1542 | D:2      | Reached XP level 4. HP: 31/40 MP: 3/3
  1758 | D:3      | Found Sacwits's Book Shoppe.
  1844 | D:3      | Found an ornate altar of the Wu Jian Council.
  2008 | D:3      | Reached XP level 5. HP: 39/47 MP: 4/4
  2138 | D:3      | Found Tirhuin's General Store.
  2151 | D:3      | Found Laezonan's Weapon Shoppe.
  2169 | D:3      | Found Osmu's Book Shop.
  2614 | D:3      | Reached *** piety under Trog
  2615 | D:3      | Reached skill level 5 in Fighting
  2615 | D:3      | Reached skill level 5 in Axes
  2628 | D:3      | Reached XP level 6. HP: 39/56 MP: 5/5
  3702 | D:4      | Noticed Grinder
  3706 | D:4      | Paralysed by Grinder for 2 turns
  3715 | D:4      | Paralysed by Grinder for 4 turns
  3722 | D:4      | Killed Grinder
  3723 | D:4      | Reached skill level 5 in Armour
  3723 | D:4      | Reached XP level 7. HP: 44/62 MP: 6/6
  3837 | D:4      | Reached **** piety under Trog
  3973 | D:4      | Found a sparkling altar of Nemelex Xobeh.
  4040 | D:4      | Found a staircase to the Ecumenical Temple.
  4064 | D:4      | Found a runed translucent gate.
  4065 | D:4      | Found a runed translucent gate.
  4065 | D:4      | Noticed oufanbear's ghost (amateur SpBr)
  4070 | D:4      | Found a runed translucent gate.
  4070 | D:4      | Identified the +9 sling "Dorphur" {drain, +Blink rC++ rN+
                  | Str-5}
  4092 | D:5      | Entered Level 5 of the Dungeon
  4102 | D:5      | Reached skill level 5 in Dodging
  4963 | D:5      | Reached XP level 8. HP: 54/69 MP: 7/7
  4970 | D:5      | Killed oufanbear's ghost
  5403 | D:4      | Found a white marble altar of Elyvilon.
  5403 | D:4      | Found a glowing golden altar of the Shining One.
  6311 | D:6      | Noticed Eustachio
  6323 | D:6      | Killed Eustachio
  6355 | D:6      | Noticed Prince Ribbit
  6363 | D:6      | Killed Prince Ribbit
  6724 | D:6      | Reached XP level 9. HP: 78/81 MP: 8/8
  8116 | D:7      | Identified the +3 ring mail "Cuupnu" {Will+ MP+9 Str+4}
  8797 | D:7      | Found Giptob's Assorted Antiques.
  9153 | D:8      | Reached XP level 10. HP: 91/91 MP: 9/9
  9342 | D:8      | Found a flagged portal.
  9352 | Bailey   | Entered a bailey
  9465 | Bailey   | Reached ***** piety under Trog
  9684 | Bailey   | Noticed an orc warlord
 10084 | Bailey   | Found a runed translucent gate.
 10086 | Bailey   | Found a runed translucent gate.
 10091 | Bailey   | Found a runed translucent gate.
 10164 | Bailey   | Killed an orc warlord
 10165 | Bailey   | Reached skill level 10 in Fighting
 10165 | Bailey   | Reached skill level 10 in Axes
 11565 | D:9      | Identified the +0 leather armour of Fiphu {Str+3}
 11749 | D:9      | Found a snail-covered altar of Cheibriados.
 11801 | D:9      | Noticed a cyclops
 11801 | D:9      | Noticed a deep elf zephyrmancer
 11854 | D:9      | Noticed a centaur warrior
 11855 | D:9      | Found a runed translucent door.
 11857 | D:9      | Identified the +3 leather armour "Deyfu" {Fly Dex+8 Slay-6}
 11857 | D:9      | Noticed a deep elf zephyrmancer
 11857 | D:9      | Noticed a necromancer
 11857 | D:9      | Noticed a great orb of eyes
 11916 | D:9      | Found a staircase to the Lair.
 12039 | D:9      | Reached skill level 10 in Armour
 12195 | D:9      | Noticed Gastronok
 12203 | D:9      | Killed Gastronok
 12543 | D:9      | Found Tiavoppey's Antique Armour Shoppe.
 12549 | D:9      | Bought a shiny plate armour for 598 gold pieces
 12582 | D:9      | Noticed Joseph
 12590 | D:9      | Killed Joseph
 12591 | D:9      | Reached XP level 11. HP: 82/101 MP: 10/10
 12825 | D:9      | Found an ancient bone altar of Kikubaaqudgha.
 13085 | D:10     | Entered Level 10 of the Dungeon
 13608 | D:10     | Reached skill level 10 in Dodging
 14453 | D:11     | Noticed a fire giant
 14463 | D:11     | Killed a fire giant
 15123 | D:11     | Noticed a two-headed ogre
 15131 | D:11     | Killed a two-headed ogre
 15449 | D:11     | Noticed Nergalle
 15449 | D:11     | Noticed Snorg
 15456 | D:11     | Killed Snorg
 15458 | D:11     | Killed Nergalle
 15459 | D:11     | Reached XP level 12. HP: 93/112 MP: 11/11
 16155 | D:11     | Found a staircase to the Orcish Mines.
 16295 | D:9      | Killed a great orb of eyes
 16299 | D:9      | Killed a centaur warrior
 16688 | Lair:1   | Entered Level 1 of the Lair of Beasts
 16736 | Lair:1   | You are sucked into a shaft and drop 1 floor!
 17046 | Lair:1   | Found a transporter.
 17048 | Lair:1   | Found a transporter.
 17051 | Lair:1   | Noticed archydragon's ghost (journeyman MiFi)
 17109 | Lair:1   | Noticed Sonja
 17116 | Lair:1   | Killed Sonja
 17569 | Lair:2   | Found a staircase to the Swamp.
 17737 | Lair:2   | Noticed a seven-headed hydra
 17741 | Lair:2   | Killed a 12-headed hydra
 17883 | Lair:2   | Found a staircase to the Snake Pit.
 17893 | Lair:2   | Reached XP level 13. HP: 123/123 MP: 12/12
 18700 | Lair:3   | Reached ****** piety under Trog
 18817 | Lair:3   | Found a dark tunnel.
 18825 | Volcano  | Entered a volcano
 18985 | Volcano  | Received a gift from Trog
 19534 | Volcano  | Reached XP level 14. HP: 133/133 MP: 13/13
 19995 | Lair:4   | Reached skill level 15 in Axes
 20506 | Lair:4   | Reached skill level 15 in Fighting
 20523 | Lair:4   | Found a viscous altar of Jiyva.
 20523 | Lair:4   | Found a staircase to the Slime Pits.
 20762 | Lair:5   | Entered Level 5 of the Lair of Beasts
 20841 | Lair:5   | Reached skill level 15 in Armour
 21369 | Lair:5   | Received a gift from Trog
 21370 | Lair:5   | Reached XP level 15. HP: 143/143 MP: 14/14
 22423 | Lair:5   | Identified the amulet "Huokusut" {Spirit rF+ rC+}
 22971 | Snake:1  | Entered Level 1 of the Snake Pit
 23707 | Snake:1  | Noticed Nikola
 23738 | Snake:1  | Killed from afar by Nikola

Illustrated notes

Levels and vault maps discovered:
D:1:      grunt_arrival_lava_bath, layout_basic, serial_park_tiny_2,
          nicolae_grassy_gnolls
D:2:      minmay_diamond_boxcup, layout_basic, basic_altar
D:3:      minmay_goblin_kobold_castle, layout_loops_ring,
          mainiacjoe_overflow_brackets, serial_shops, shop, shop,
          nicolae_shop_just_a_little_nook, shop, minmay_vboxes
D:4:      layout_cave_pools, nemelex_xobeh_ov_fountains_minmay,
          amethyst_overflow_temple_binary, temple_statues,
          biasface_ghost_orc_armoury, uniq_grinder
D:5:      layout_rooms
D:6:      minmay_thick_lines, layout_basic, uniq_eustachio, uniq_prince_ribbit1
D:7:      layout_cave_pools, serial_shops, nicolae_shop_dealshenge
D:8:      layout_loops_ring, enter_bailey_6, fungi_pond_lemuel,
          hangedman_decor_push
D:9:      minmay_gate_of_8, layout_stronghold,
          lemuel_mausoleum_altar_kikubaaqudgha, kennysheep_slug_shrine,
          lair_entry_dummy, serial_shops, nicolae_shop_rolling_square,
          uniq_joseph, uniq_gastronok
D:10:     layout_stronghold
D:11:     layout_basic, orc_0_dummy, kennysheep_just_a_vault, uniq_nergalle,
          uniq_snorg
Lair:1:   layout_misc_corridors, gammafunk_ghost_hive, uniq_sonja
Lair:2:   layout_regular_city, swamp_mist, minmay_snake_entry_guardpost_large,
          infiniplex_staircase_pool
Lair:3:   layout_small_grid, enter_volcano_2, pdpol_lair_neglected_garden,
          grunt_forest_small_clearing_treed
Lair:4:   layout_small_grid, dpeg_slime_entry_corner
Lair:5:   gammafunk_lair_ancient_temple, layout_concentric_octagons,
          serial_bayou_pond_c, lemuel_fruit_tree
Snake:1:  layout_chambers, serial_shops, nicolae_take_the_stairs,
          nicolae_wooded_promenade, nicolae_snake_gridmaze_entwining,
          uniq_nikola

Skill      XL: |  1  2  3  4  5  6  7  8  9 10 11 12 13 14 15 |
---------------+----------------------------------------------+-----
Fighting       | 4 5 6 7 9 10 12 13 14 15 16 | 16.2
Axes           | 4 5 6 8 9 10 12 13 14 15 16 | 16.3
Armour         | 3 4 5 6 7 9 10 12 13 14 15 16 | 16.0
Dodging        | 3 4 5 6 8 9 11 12 13 14 | 14.8

Action                     |  1- 3 |  4- 6 |  7- 9 | 10-12 | 13-15 || total
---------------------------+-------+-------+-------+-------+-------++-------
  Melee: Hand axe          |    95 |   177 |   243 |       |       ||   515
         Headbutt          |    11 |    20 |    51 |    63 |   123 ||   268
         Punch             |     2 |     3 |     3 |       |       ||     8
         Battleaxe         |       |       |    52 |   351 |   447 ||   850
 Invoke: Berserk           |       |     3 |     6 |    12 |     9 ||    30
         Trog's Hand       |       |       |       |       |     2 ||     2
    Use: Scroll            |       |       |     3 |     7 |     6 ||    16
         Potion            |       |       |       |       |     2 ||     2
   Stab: Sleeping          |       |       |     1 |       |       ||     1
         Distracted        |       |       |       |     3 |     3 ||     6
         Petrified         |       |       |       |       |     5 ||     5
 Armour: Ring mail         |    29 |       |       |       |       ||    29
         Animal skin       |     1 |       |       |       |       ||     1
         Chain mail        |     2 |    97 |   184 |    43 |       ||   326
         Plate armour      |       |       |       |   130 |   386 ||   516
  Dodge: Dodged            |    47 |   101 |   211 |   166 |   358 ||   883
  Block: Other             |       |       |       |    52 |   138 ||   190
         Reflection        |       |       |       |     5 |     1 ||     6

Table legend: (Time is in decaauts)
 A = Elapsed time spent in this place.
 B = Non-inter-level travel time spent in this place.
 C = Inter-level travel time spent in this place.
 D = Time resting spent in this place.
 E = Time spent auto-exploring this place.
 F = Levels seen in this place.
 G = Mean time per level.
                   A        B        C        D        E       F      G
               +--------+--------+--------+--------+--------+-----+--------+
         Total |  24680 |  23227 |   1453 |   9019 |  10854 |  19 | 1298.9 |
       Dungeon |  15961 |  14978 |    983 |   5964 |   7176 |  11 | 1451.0 |
          Lair |   5962 |   5528 |    434 |   1387 |   3364 |   5 | 1192.4 |
     Snake Pit |    821 |    785 |     36 |    352 |    313 |   1 |  821.0 |
        Bailey |   1193 |   1193 |      0 |    924 |      0 |   1 | 1193.0 |
       Volcano |    740 |    740 |      0 |    391 |      0 |   1 |  740.0 |
               +--------+--------+--------+--------+--------+-----+--------+

Top non-repeatable levels by time:
     D:6: 2217 daAuts
  Lair:5: 2149 daAuts
     D:9: 2147 daAuts
     D:3: 1921 daAuts
    D:11: 1905 daAuts
     D:4: 1510 daAuts
    D:10: 1450 daAuts
     D:8: 1220 daAuts
  Lair:3: 1210 daAuts
  Bailey: 1193 daAuts
  Lair:2: 1118 daAuts
     D:7: 1076 daAuts
     D:1: 965 daAuts
  Lair:4: 869 daAuts
 Snake:1: 821 daAuts
